Description

Posting this for discussion and analysis. Terran's main upgrade is stim. Let's discuss how we can either stop it or kill the Terran before it becomes a factor in the current meta.

VOD

https://youtu.be/9qhFuvNr7sw

Replay - Limasan v Merc - Bel'Shir Vestige LE (Void)

Build Order

Get SALT Encoding   

  12  0:01  Drone  
  13  0:13  Overlord  
  13  0:17  Drone  
  14  0:31  Drone x3  
  17  0:53  Drone x2, Hatchery  
  17  1:01  Extractor  
  17  1:12  Spawning Pool  
  17  1:16  Drone x2  
  18  1:28  Drone  
  19  1:39  Overlord  
  19  2:00  Queen x2  
  21  2:02  Metabolic Boost  
  21  2:04  Zergling x4  
  28  2:24  Baneling Nest  
  31  2:53  Overlord  
  31  2:59  Pneumatized Carapace  
  39  3:16  Overlord  
  39  3:17  Evolution Chamber  
  38  3:26  Overlord  
  38  3:33  Zergling x8  
  42  3:40  Zergling x8  
  45  3:45  Baneling x4  
Spawning Tool Build Advisor. Get it on Overwolf

Go to:

Details

  • Created by: yocheco619
  • Published on: Feb 22, 2017
  • Modified on: Feb 22, 2017
  • Patch: 3.8.0
Show
View Real Time Build Order
Export as new Build Order

Comments (1)

On March 4, 2017, 2:24 p.m., Biohazardish  said:

Noice.

Create an account to comment!